 Dungeon Crawl Stone Soup version 0.26-a0-70-g31f1466007 (webtiles) character file.

Game seed: 144898960066433208

0 Gargoyl the Skirmisher (level 1, -13/19 HPs)
             Began as a Centaur Abyssal Knight on June 14, 2020.
             Was a Follower of Lugonu.
             Killed from afar by a hell hog (32 damage)
             ... with a fireball
             ... on level 3 of the Abyss.
             The game lasted 00:00:30 (111 turns).

Gargoyl the Skirmisher (Centaur Abyssal Knight)      Turns: 111, Time: 00:00:31

Health: -13/19     AC:  7    Str: 14    XL:     1   Next: 0%
Magic:  2/2        EV:  4    Int: 11    God:    Lugonu [*.....]
Gold:   0          SH:  0    Dex:  8    Spells: 0/0 levels left

rFire    . . .     SeeInvis .   a - +1 hand axe
rCold    . . .     Gourm    .   (no shield)
rNeg     . . .     Faith    .   d - +0 chain mail
rPois    .         Spirit   .   (no helmet)
rElec    .         Reflect  .   (no cloak)
rCorr    .         Harm     .   (no gloves)
MR       .....                  (no barding)
Stlth    ..........             (no amulet)
HPRegen  0.06/turn              (no ring)
MPRegen  0.08/turn              (no ring)

@: very quick
A: large, hooves 3, deformed body, speed 2, tough skin 3
a: Depart the Abyss, Renounce Religion


You were on level 3 of the Abyss.
You worshipped Lugonu.
Lugonu was aware of your devotion.
You were not hungry.

You visited 0 branches of the dungeon, and saw 0 of its levels.
You visited the Abyss 1 time.

Inventory:

Hand Weapons
 a - a +1 hand axe (weapon)
Armour
 d - a +0 chain mail (worn)
Comestibles
 c - a ration


   Skills:
 + Level 3.0 Fighting
 + Level 1.7 Axes
 + Level 1.3 Armour
 + Level 0.6 Dodging
 + Level 2.0 Invocations


You couldn't memorise any spells.
You didn't know any spells.
Your spell library was empty.

Dungeon Overview and Level Annotations

Branches:
Dungeon (0/15)

Altars:


Innate Abilities, Weirdness & Mutations

You have hooves in place of feet.
Armour fits poorly on your strangely shaped body.
You cover ground very quickly.
You have extremely tough skin. (AC +3)


Message History

The abyssal rune of Zot can be found at this depth.
Found 13 stones.
Found 15 arrows.
You see here 15 arrows.
e - a scroll labeled CUOPPU YKHLE
As you read the scroll labeled CUOPPU YKHLE, it crumbles to dust.
You feel blessed for a moment.
It was a scroll of remove curse.
You drop a +0 leather armour.
A tentacled starspawn comes into view.
A tentacled starspawn is nearby!
A tentacle flies out from the starspawn's body!
A starspawn tentacle comes into view.
A large abomination comes into view.
A large abomination comes into view.
A hell hog comes into view.
The hell hog squeals angrily.
You hear a croak.
The hell hog breathes fire at you.
The fireball explodes!
The fireball engulfs you!!
Ouch! That really hurt!
You die...

##. ##.. #.#..#..
..#.. . # ## ....#.
.. ######..##..#..##
#..#.#.###.#.## .
#.#......#.....#.
#.##.#.#..§... ##
##@#..###..#.#..#
#.#.### # #... #.
≈≈≈≈≈≈≈ ≈≈.#..# .
≈≈≈≈≈≈≈≈≈≈≈≈≈≈..#.#.
#.#≈≈≈≈≈♣≈≈≈≈≈≈#
#.#. #.
#..###..≈≈≈≈.# .#.#
. .!. #.#.h#....#
..#. ##. ###.. ##


You could see a hell hog (catching breath).

Vanquished Creatures (others)
  2 starspawn tentacles (Abyss:3)
2 creatures vanquished.

Notes
Turn   | Place    | Note
-------+----------+-------------------------------------------
     0 | Abyss:1  | Gargoyl the Centaur Abyssal Knight began the quest for the
                  | Orb.
     0 | Abyss:1  | Reached XP level 1. HP: 19/19 MP: 2/2
    25 | Abyss:2  | Found a corrupted altar of Lugonu.
    67 | Abyss:3  | Noticed a tentacled starspawn
    82 | Abyss:3  | Noticed a large abomination
    83 | Abyss:3  | Noticed a large abomination
   110 | Abyss:3  | Noticed a hell hog
   111 | Abyss:3  | Killed from afar by a hell hog

Illustrated notes

Levels and vault maps discovered:
Abyss:3:  gammafunk_abyss_exit_x_factor,
          evilmike_nicolae_abyss_rune_betentacled_crabyss

Action                   || total
-------------------------++-------
  Use: Scroll            ||     1

Table legend:
 A = Non-vault XP
 B = Vault XP
 C = Vault XP percentage of total XP
 D = Non-vault monster count
 E = Vault monster count
 F = Vault count percentage of total count
                 A         B        C        D         E       F
            +---------+---------+-------+---------+---------+-------
      Total |       0 |       0 |   N/A |       0 |       0 |  -nan
            +---------+---------+-------+---------+---------+-------
            +---------+---------+-------+---------+---------+-------
